 Dungeon Crawl Stone Soup version 0.25.1-2-g60ff931df9 (webtiles) character file.

Game seed: 12256134247330457459

37 Exodus22XD the Poker (level 3, -1/27 HPs)
             Began as a Demonspawn Gladiator on Oct 31, 2020.
             Slain by a gnoll
             ... wielding a +0 club
              (3 damage)
             ... on level 2 of the Dungeon.
             The game lasted 00:01:21 (1063 turns).

Exodus22XD the Poker (Demonspawn Gladiator)         Turns: 1063, Time: 00:01:21

Health: -1/27      AC:  5    Str: 15    XL:     3   Next: 23%
Magic:  3/3        EV: 13    Int:  9    God:
Gold:   197        SH:  0    Dex: 14    Spells: 2/2 levels left

rFire    . . .     SeeInvis .   a - +0 trident
rCold    . . .     Gourm    .   (no shield)
rNeg     . . .     Faith    .   b - +0 leather armour
rPois    .         Spirit   .   c - +0 helmet
rElec    .         Reflect  .   (no cloak)
rCorr    .         Harm     .   (no gloves)
MR       .....                  g - +0 pair of boots (curse)
Stlth    +.........             (no amulet)
HPRegen  0.09/turn              (no ring)
MPRegen  0.08/turn              (no ring)

@: no status effects
A: claws 1
a: no special abilities


You were on level 2 of the Dungeon.
You were not hungry.

You visited 1 branch of the dungeon, and saw 2 of its levels.

You collected 197 gold pieces.

Inventory:

Hand Weapons
 a - a +0 trident (weapon)
Missiles
 d - 3 throwing nets (quivered)
Armour
 b - a +0 leather armour (worn)
 c - a +0 helmet (worn)
 g - a cursed +0 pair of boots (worn)
Scrolls
 h - a scroll of enchant armour {unknown}
 i - a scroll of identify {unknown}
 j - a scroll of teleportation {unknown}
 k - a scroll of noise {unknown}
 m - a scroll of amnesia {unknown}
Potions
 n - a potion of heal wounds {unknown}
Comestibles
 f - 6 rations
 o - 6 chunks of flesh


   Skills:
 + Level 2.1 Fighting
 + Level 3.3 Polearms
 - Level 1.8 Throwing
 + Level 0.2 Armour
 + Level 3.2 Dodging
 * Level 0.3 Unarmed Combat


You had 2 spell levels left.
You didn't know any spells.
Your spell library was empty.

Dungeon Overview and Level Annotations

Branches:
Dungeon (2/15)

Altars:
Ashenzari
Cheibriados


Innate Abilities, Weirdness & Mutations

You have sharp fingernails.


Message History

* * * LOW HITPOINT WARNING * * *
The gnoll barely misses you.
Attack whom?
Press: ? - help, Dir - move target cursor, f - gnoll, p - gnoll
Aim: a gnoll, wielding a -1 spear You reach to attack!
You hit the gnoll but do no damage. The gnoll hits you but does no damage.
The gnoll closely misses you.
Attack whom?
Press: ? - help, Dir - move target cursor, f/p - gnoll
Aim: a gnoll, wielding a -1 spear You reach to attack!
You closely miss the gnoll.
The gnoll hits you from afar with a cursed -1 spear.
* * * LOW HITPOINT WARNING * * *
The gnoll completely misses you.
It was a potion of cancellation.
Your magical effects are unravelling.
You feel magically purged.
Your resistance to elements expires.
The gnoll closely misses you. The gnoll hits you with a +0 club.
You die...

...... ... ##.## ..... ###.. #.#
#.$. ......##.####.# #..
#.......(....# # #.#
#....##.####.# #.#.####.######
#....##.####.# .....)...w....#
#............#
#.#.†##..####w######.....).####.#
#.. #..# #..gg@..........# #..
#..###..###.##.......# #..
#...........#......#.## #..
#.......######..#.#...# ...
#######...............### # #..
#..#####..#.......#.# #######..#
#............# .........#
#....>.....### ########.#
##..##...###


You could see a worm and 2 gnolls.

Vanquished Creatures
  A gnoll (D:2)
  A leopard gecko (D:1)
  A giant cockroach (D:2)
  2 goblins
  7 hobgoblins
  4 kobolds
  A ball python (D:2)
  A bat (D:1)
  2 frilled lizards
  6 rats
  A fungus (D:1)
27 creatures vanquished.

Vanquished Creatures (others)
  4 toadstools (D:1)
4 creatures vanquished.

Grand Total: 31 creatures vanquished

Notes
Turn   | Place    | Note
-------+----------+-------------------------------------------
     0 | D:1      | Exodus22XD the Demonspawn Gladiator began the quest for the
                  | Orb.
     0 | D:1      | Reached XP level 1. HP: 16/16 MP: 1/1
   183 | D:1      | Gained mutation: You have sharp fingernails. [demonic
                  | ancestry]
   183 | D:1      | Reached XP level 2. HP: 7/22 MP: 2/2
   781 | D:1      | Found a snail-covered altar of Cheibriados.
   980 | D:2      | Found a shattered altar of Ashenzari.
  1046 | D:2      | Reached XP level 3. HP: 11/27 MP: 3/3
  1063 | D:2      | Slain by a gnoll

Illustrated notes

Levels and vault maps discovered:
D:1:      nzn_arrival_crosshair, layout_rooms, minmay_gold_behind_fungi,
          cheibriados_altar_1
D:2:      layout_loops_ring, ashenzari_altar_1

Skill      XL: |  1  2 |
---------------+-------+-----
Dodging        | 3 |  3.2
Polearms       | 3 |  3.3
Fighting       | |  2.1
Throwing       | |  1.8
Armour         | |  0.2
Unarmed Combat | |  0.3

Action                   || total
-------------------------++-------
Melee: Trident           ||   103
  Use: Potion            ||     2
  Eat: Chunk             ||     1
Armor: Leather armour    ||    25
Dodge: Dodged            ||    66
